 Dungeon Crawl Stone Soup version 0.30.0-19-g36f170ea60 (webtiles) character file.

Game seed: 16815482628447777318

388 jagang the Slasher (level 6, -4/51 HPs)
             Began as a Demigod Fighter on June 1, 2023.
             Killed by divine providence
             ... invoked by an orc priest
              (9 damage)
             ... on level 4 of the Dungeon.
             The game lasted 00:06:11 (2811 turns).

jagang the Slasher (Demigod Fighter)                Turns: 2811, Time: 00:06:12

Health: -4/51      AC: 13    Str: 25    XL:     6   Next: 24%
Magic:  17/17      EV:  9    Int: 10    God:
Gold:   121        SH:  5    Dex: 13    Spells: 5/5 levels left

rFire   . . .        a - +0 long sword
rCold   . . .        c - +0 buckler
rNeg    . . .        u - +0 chain mail
rPois   .            (no helmet)
rElec   .            (no cloak)
rCorr   .            s - +2 pair of gloves
SInv    .            b - +0 pair of boots
Will    +....        (no amulet) Stlth
                     o - ring of magical power
HPRegen 0.28/turn    v - ring of willpower
MPRegen 0.15/turn

%: no passive effects
@: no status effects
A: high MP 1, forlorn, divine attributes
a: no special abilities


You were on level 4 of the Dungeon.
You visited 1 branch of the dungeon, and saw 4 of its levels.

You collected 121 gold pieces.

Inventory:

Hand Weapons
 a - a +0 long sword (weapon)
Armour
 b - a +0 pair of boots (worn)
 c - a +0 buckler (worn)
 s - a +2 pair of gloves (worn)
 u - a +0 chain mail (worn)
Magical Staves
 n - a staff of cold
Jewellery
 o - a ring of magical power (left hand)
 v - a ring of willpower (right hand)
Scrolls
 f - a scroll of fear {unknown}
 g - 2 scrolls of fog {unknown}
 i - 3 scrolls of identify {unknown}
 k - 2 scrolls of enchant weapon {unknown}
 l - a scroll of poison {unknown}
 m - 2 scrolls of teleportation {unknown}
 p - a scroll of brand weapon {unknown}
 q - a scroll of amnesia {unknown}
 r - a scroll of enchant armour {unknown}
Potions
 d - a potion of might
 e - 2 potions of attraction {unknown}
 h - 4 potions of curing
 j - 2 potions of brilliance {unknown}
 t - a potion of magic {unknown}
 w - a potion of flight {unknown}


   Skills:
 + Level 3.6 Fighting
 * Level 3.9 Long Blades
 + Level 3.5 Armour
 + Level 2.2 Dodging
 + Level 3.7 Shields


You had 5 spell levels left.
You didn't know any spells.
Your spell library contained the following spells:

 Spells                   Type           Power      Damage    Failure   Level
 Call Canine Familiar     Summ           0%         N/A       100%        3
 Portal Projectile        Hex/Tloc       0%         N/A       100%        3
 Leda's Liquefaction      Hex/Erth       0%         N/A       100%        4


Dungeon Overview and Level Annotations

Branches:
Dungeon (4/15)
 Temple: D:4-7

Portals:
Ossuary: D:4


Innate Abilities, Weirdness & Mutations

You have an increased reservoir of magic. (+10% MP)
You shall have no god before yourself.
Your divine heritage dramatically boosts your attributes as you level up.


Message History

You see here a +0 hand axe.
You hit the orc priest but do no damage.
The orc hits you but does no damage. The orc priest closely misses you.
You hit the orc priest but do no damage.
The orc hits you but does no damage. The orc priest completely misses you.
The orc closely misses you. The orc hits you but does no damage.
The orc priest hits you with a +0 whip.
* * * LOW HITPOINT WARNING * * *
The orc hits you with a +0 dagger.
* * * LOW HITPOINT WARNING * * *
It was a potion of curing.
You feel better. The orc completely misses you.
The orc priest hits you but does no damage.
The orc closely misses you.
You closely miss the orc priest.
The orc priest hits you but does no damage.
The orc hits you but does no damage. x2
You slash the orc priest!
The orc priest is heavily wounded.
You block the orc's attack. The orc closely misses you.
The orc priest invokes the aid of Beogh against you.
Pain shoots through your body!
* * * LOW HITPOINT WARNING * * *
You hit the orc priest.
The orc priest is severely wounded.
The orc closely misses you. The orc priest closely misses you.
The orc hits you but does no damage.
You hit the orc priest but do no damage.
The orc priest is severely wounded.
The orc hits you but does no damage. x2
The orc priest hits you with a +0 whip.
* * * LOW HITPOINT WARNING * * *
The orc priest looks braver for a moment.
The orc misses you. The orc hits you with a +0 short sword.
* * * LOW HITPOINT WARNING * * *
You hit the orc priest but do no damage.
The orc priest is severely wounded.
The orc hits you but does no damage. The orc closely misses you.
The orc priest invokes the aid of Beogh against you.
Beogh smites you!
You die...

.... ...# .o #.###
#.##########.#
#....##.>........#.#
##..#...............#
...###..............#
##..#..#>.#######.#.#.#
##..[..#### ###.....#
...)..'#### #+.#o#.#.#
##.#.##...# ?.#o@o....#
#.#..##.>.#.>.###.#.#.#
.###.##...#...# .....##
#.#.########### ..####
....# ..#...##..# ##..#
.∩.#.>.##..# ##.#
#...#...#..## #.#
'#######+ #.##.


You could see an orc priest and 2 orcs.

Vanquished Creatures
  A sky beast (D:4)
  A centaur (D:4)
  A phantom (D:3)
  A sleepcap (D:4)
  5 adders
  A dart slug (D:4)
  6 orcs
  7 ball pythons
  5 endoplasms
  3 giant cockroaches
  A goblin (D:2)
  4 hobgoblins
  7 jackals
  8 kobolds
  A quokka (D:2)
  6 bats
  4 frilled lizards (D:2)
  5 rats
67 creatures vanquished.

Notes
Turn   | Place    | Note
-------+----------+-------------------------------------------
     0 | D:1      | jagang the Demigod Fighter began the quest for the Orb.
     0 | D:1      | Reached XP level 1. HP: 18/18 MP: 3/3
   342 | D:1      | Reached XP level 2. HP: 24/25 MP: 4/4
   744 | D:2      | Reached XP level 3. HP: 18/30 MP: 5/5
   907 | D:2      | Reached skill level 1 in Dodging
  1563 | D:3      | Noticed a phantom
  1577 | D:3      | Killed a phantom
  1578 | D:3      | Reached XP level 4. HP: 29/38 MP: 6/6
  1798 | D:3      | Reached XP level 5. HP: 45/45 MP: 7/7
  2611 | D:4      | Noticed a centaur
  2623 | D:4      | Killed a centaur
  2752 | D:4      | Found a sand-covered staircase.
  2774 | D:4      | Noticed a sky beast
  2800 | D:4      | Killed a sky beast
  2801 | D:4      | Reached XP level 6. HP: 8/51 MP: 8/8
  2805 | D:4      | HP: 2/51 [orc/+0 dagger (1)]
  2811 | D:4      | Killed from afar by an orc priest

Illustrated notes

Levels and vault maps discovered:
D:1:      scummos_arrival_forest, layout_basic
D:2:      layout_rooms, shapermc_ecumenical_altar_petra
D:3:      layout_loops_corners
D:4:      layout_loops_ring, mainiacjoe_overflow_brackets,
          mainiacjoe_overflow_small_starburst,
          nicolae_ossuary_entry_false_entrances

Skill      XL: |  1  2  3  4  5 |
---------------+----------------+-----
Long Blades    | 2 3 |  3.9
Shields        | 3 |  3.7
Fighting       | 3 |  3.6
Dodging        | 1 2 |  2.2
Armour         | 3 |  3.5

Action                     |  1- 3 |  4- 6 || total
---------------------------+-------+-------++-------
  Melee: Long sword        |   181 |   118 ||   299
    Use: Potion            |       |     1 ||     1
 Armour: Scale mail        |   109 |    23 ||   132
         Chain mail        |       |    54 ||    54
  Dodge: Dodged            |   118 |    68 ||   186
  Block: Buckler           |    48 |    28 ||    76
